SA
PONTIAC GODFATHERS @ LAREDO HAWKS
08/25/2042
 
TOP OF THE 1ST
Pontiac Godfathers batting - Pitching for Laredo Hawks : RHP Gavriil Wolfson
Pitching: RHP Gavriil Wolfson
Batting: RHB Gary Bly 0-0: Called Strike
0-1: Ball
1-1: Called Strike
1-2: Ball
2-2: Ball
3-2: Foul Ball, location: 2F
3-2: Strikes out looking
Batting: RHB José Rivera 0-0: Ball
1-0: Called Strike
1-1: Swinging Strike
1-2: Ball
2-2: Strikes out swinging
Batting: LHB Brad Dyer 0-0: Foul Ball, location: 2F
0-1: Foul Ball, location: 2F
0-2: Strikes out swinging
Top of the 1st over - 0 runs, 0 hits, 0 errors, 0 left on base; Pontiac 0 - Laredo 0
BOTTOM OF THE 1ST
Laredo Hawks batting - Pitching for Pontiac Godfathers : LHP Dave Parkinson
Pitching: LHP Dave Parkinson
Batting: RHB Victor Jensen 0-0: Ball
1-0: Ball
2-0: Ball
3-0: Called Strike
3-1: Called Strike
3-2: Foul Ball, location: 2F
3-2: Foul Ball, location: 2F
3-2: Base on Balls
Batting: RHB Elwiin de Meij 0-0: Ball
1-0: Ball
2-0: Swinging Strike
2-1: Ball
3-1: Fielders Choice at 2nd, 4-6 (Groundball, 4S, EV 85.0 MPH)
Batting: RHB Woody Maxwell 0-0: Ball
1-0: Ball
2-0: Ball
3-0: Called Strike
3-1: Called Strike
3-2: Base on Balls
Elwiin de Meij to second
Batting: RHB Neung-uk Yi 0-0: Ball
1-0: Foul Ball, location: 2F
1-1: Foul Ball, location: 2F
1-2: Foul Ball, location: 2F
1-2: Fly out, F8 (Flyball, 89S, EV 90.6 MPH)
Batting: LHB Scott Beavis 0-0: Ball
1-0: Swinging Strike
1-1: Foul Ball, location: 2F
1-2: Foul Ball, location: 2F
1-2: Ball
2-2: Fly out, F7 (Flyball, 7LS, EV 89.4 MPH)
Bottom of the 1st over - 0 runs, 0 hits, 0 errors, 2 left on base; Pontiac 0 - Laredo 0
TOP OF THE 2ND
Pontiac Godfathers batting - Pitching for Laredo Hawks : RHP Gavriil Wolfson
Batting: RHB Nathan Bram 0-0: Foul Ball, location: 2F
0-1: Foul Ball, location: 2F
0-2: Ball
1-2: Foul Ball, location: 2F
1-2: Strikes out swinging
Batting: RHB John Williams 0-0: Ball
1-0: Foul Ball, location: 2F
1-1: Ball
2-1: Foul Ball, location: 2F
2-2: Strikes out swinging
Batting: SHB Mike Sherman 0-0: Foul Ball, location: 2F
0-1: Ball
1-1: Swinging Strike
1-2: Strikes out swinging
Top of the 2nd over - 0 runs, 0 hits, 0 errors, 0 left on base; Pontiac 0 - Laredo 0
BOTTOM OF THE 2ND
Laredo Hawks batting - Pitching for Pontiac Godfathers : LHP Dave Parkinson
Batting: RHB Steve Turner 0-0: Called Strike
0-1: Ball
1-1: Ball
2-1: Foul Ball, location: 2F
2-2: Fly out, F9 (Flyball, 89XD, EV 96.9 MPH)
Batting: LHB João Lourenço 0-0: Called Strike
0-1: Fly out, F6 (Popup, 6M, EV 76.9 MPH)
Batting: LHB George McLean 0-0: Ball
1-0: Swinging Strike
1-1: Swinging Strike
1-2: Strikes out swinging
Bottom of the 2nd over - 0 runs, 0 hits, 0 errors, 0 left on base; Pontiac 0 - Laredo 0
TOP OF THE 3RD
Pontiac Godfathers batting - Pitching for Laredo Hawks : RHP Gavriil Wolfson
Batting: RHB Rich Pope 0-0: Ball
1-0: Ball
2-0: Ground out 3-1 (Groundball, 34, EV 86.9 MPH)
Batting: RHB Bonifacio Marmolejo 0-0: Foul Ball, location: 2F
0-1: Foul Ball, location: 2F
0-2: Strikes out looking
Batting: RHB Santiago Tirado 0-0: Foul Ball, location: 2F
0-1: Ball
1-1: Ball
2-1: SINGLE (Groundball, 5L, EV 107.5 MPH)
Batting: RHB Gary Bly 0-0: Ball
1-0: Fly out, F7 (Flyball, 78S, EV 87.5 MPH)
Top of the 3rd over - 0 runs, 1 hit, 0 errors, 1 left on base; Pontiac 0 - Laredo 0
BOTTOM OF THE 3RD
Laredo Hawks batting - Pitching for Pontiac Godfathers : LHP Dave Parkinson
Batting: RHB Lynn Medlen 0-0: Called Strike
0-1: Ball
1-1: Swinging Strike
1-2: Ball
2-2: Ball
3-2: Base on Balls
Batting: RHB Victor Jensen 0-0: Swinging Strike
0-1: Ball
1-1: Foul Ball, location: 2F
1-2: Strikes out swinging
Batting: RHB Elwiin de Meij 0-0: Ball
1-0: Swinging Strike
1-1: Foul Ball, location: 2F
1-2: Ball
2-2: SINGLE (Groundball, 6S, EV 87.5 MPH) (infield hit)
Lynn Medlen to second
Batting: RHB Woody Maxwell 0-0: Ball
1-0: SINGLE (Flyball, 89M, EV 91.2 MPH)
Lynn Medlen to third
Elwiin de Meij to second
Batting: RHB Neung-uk Yi 0-0: Called Strike
0-1: Ball
1-1: Called Strike
1-2: Foul Ball, location: 2F
1-2: Strikes out swinging
Batting: LHB Scott Beavis 0-0: Ball
1-0: Foul Ball, location: 2F
1-1: Called Strike
1-2: SINGLE (Groundball, 25, EV 75.6 MPH) (infield hit)
Lynn Medlen scores
Elwiin de Meij to third
Woody Maxwell to second
Batting: RHB Steve Turner 0-0: Called Strike
0-1: Ball
1-1: SINGLE (Groundball, 6MD, EV 98.1 MPH)
Elwiin de Meij scores
Woody Maxwell to third
Scott Beavis to second
Runner from 3rd tries for Home, SAFE, no throw by CF
Batting: LHB João Lourenço 0-0: Ball
1-0: Foul Ball, location: 2F
1-1: Ball
2-1: Foul Ball, location: 2F
2-2: Foul Ball, location: 2F
2-2: Ball
3-2: Base on Balls
Scott Beavis to third
Steve Turner to second
Batting: LHB George McLean 0-0: TRIPLE (Flyball, 8LXD, EV 95.6 MPH)
Scott Beavis scores
Steve Turner scores
João Lourenço scores
Pitching: LHP Pat Peterson
Batting: RHB Lynn Medlen 0-0: Ground out 6-3 (Groundball, 6, EV 81.9 MPH)
Bottom of the 3rd over - 6 runs, 5 hits, 0 errors, 1 left on base; Pontiac 0 - Laredo 6
TOP OF THE 4TH
Pontiac Godfathers batting - Pitching for Laredo Hawks : RHP Gavriil Wolfson
Batting: RHB José Rivera 0-0: Called Strike
0-1: Ball
1-1: Foul Ball, location: 2F
1-2: Strikes out swinging, 2-3 out at first.
Batting: LHB Brad Dyer 0-0: Foul Ball, location: 2F
0-1: Swinging Strike
0-2: SINGLE (Groundball, 34D, EV 103.1 MPH)
Batting: RHB Nathan Bram 0-0: Ball
1-0: Foul Ball, location: 2F
1-1: Fly out, F7 (Flyball, 78M, EV 91.2 MPH)
Batting: RHB John Williams 0-0: Ball
1-0: Fly out, F8 (Flyball, 8LXD, EV 83.8 MPH)
Top of the 4th over - 0 runs, 1 hit, 0 errors, 1 left on base; Pontiac 0 - Laredo 6
BOTTOM OF THE 4TH
Laredo Hawks batting - Pitching for Pontiac Godfathers : LHP Pat Peterson
Batting: RHB Victor Jensen 0-0: Ball
1-0: Foul Ball, location: 2F
1-1: Swinging Strike
1-2: Strikes out swinging
Batting: RHB Elwiin de Meij 0-0: Swinging Strike
0-1: Foul Ball, location: 2F
0-2: Strikes out swinging
Batting: RHB Woody Maxwell 0-0: Ball
1-0: Swinging Strike
1-1: Fly out, F9 (Flyball, 89S, EV 79.4 MPH)
Bottom of the 4th over - 0 runs, 0 hits, 0 errors, 0 left on base; Pontiac 0 - Laredo 6
TOP OF THE 5TH
Pontiac Godfathers batting - Pitching for Laredo Hawks : RHP Gavriil Wolfson
Batting: SHB Mike Sherman 0-0: SINGLE (Groundball, 34D, EV 98.8 MPH)
Batting: RHB Rich Pope 0-0: Called Strike
0-1: Ball
1-1: Ball
2-1: Foul Ball, location: 2F
2-2: SINGLE (Flyball, 8RS, EV 91.9 MPH)
Mike Sherman to second
Runner from 2nd tries for 3rd, SAFE, throw by CF made to third
Batting: RHB Bonifacio Marmolejo 0-0: Ball
1-0: Foul Ball, location: 2F
1-1: Ball
2-1: Ball
3-1: Foul Ball, location: 2F
3-2: Strikes out swinging
Batting: RHB Santiago Tirado 0-0: Ball
1-0: Foul Ball, location: 2F
1-1: Foul Ball, location: 2F
1-2: Foul Ball, location: 2F
1-2: Foul Ball, location: 2F
1-2: Ball
2-2: Strikes out looking
Batting: RHB Gary Bly 0-0: Ball
1-0: Foul Ball, location: 2F
1-1: Ball
2-1: Foul Ball, location: 2F
2-2: TRIPLE (Line Drive, 9LD, EV 106.9 MPH)
Mike Sherman scores
Rich Pope scores
Batting: RHB José Rivera 0-0: Swinging Strike
0-1: Ball
1-1: Ball
2-1: Foul Ball, location: 2F
2-2: Ground out 6-3 (Groundball, 6, EV 100.0 MPH)
Top of the 5th over - 2 runs, 3 hits, 0 errors, 1 left on base; Pontiac 2 - Laredo 6
BOTTOM OF THE 5TH
Laredo Hawks batting - Pitching for Pontiac Godfathers : LHP Pat Peterson
Batting: RHB Neung-uk Yi 0-0: Called Strike
0-1: Foul Ball, location: 2F
0-2: Ball
1-2: Ball
2-2: Ball
3-2: Fly out, F8 (Line Drive, 8LD, EV 93.1 MPH)
Batting: LHB Scott Beavis 0-0: Foul Ball, location: 2F
0-1: Swinging Strike
0-2: Ball
1-2: Strikes out looking
Batting: RHB Steve Turner 0-0: Called Strike
0-1: SINGLE (Groundball, 6MD, EV 98.8 MPH)
Batting: LHB João Lourenço 0-0: Fly out, F8 (Line Drive, 8RD, EV 90.6 MPH)
Bottom of the 5th over - 0 runs, 1 hit, 0 errors, 1 left on base; Pontiac 2 - Laredo 6
TOP OF THE 6TH
Pontiac Godfathers batting - Pitching for Laredo Hawks : RHP Gavriil Wolfson
Batting: LHB Brad Dyer 0-0: Ball
1-0: Ball
2-0: Swinging Strike
2-1: Ball
3-1: Base on Balls
Pitching: RHP Eric Hurt
Batting: RHB Nathan Bram 0-0: Fly out, F8 (Flyball, 8LD, EV 88.1 MPH)
Batting: RHB John Williams 0-0: Ball
1-0: Ball
2-0: Ball
3-0: Base on Balls
Brad Dyer to second
Batting: SHB Mike Sherman 0-0: Called Strike
0-1: Called Strike
0-2: Ball
1-2: Strikes out swinging
Batting: RHB Rich Pope 0-0: Ball
1-0: Foul Ball, location: 2F
1-1: Foul Ball, location: 2F
1-2: Ball
2-2: Ground out 5-3 (Groundball, 56S, EV 94.4 MPH)
Top of the 6th over - 0 runs, 0 hits, 0 errors, 2 left on base; Pontiac 2 - Laredo 6
BOTTOM OF THE 6TH
Laredo Hawks batting - Pitching for Pontiac Godfathers : LHP Pat Peterson
Batting: LHB George McLean 0-0: Ball
1-0: Swinging Strike
1-1: Swinging Strike
1-2: Ball
2-2: Ball
3-2: Foul Ball, location: 2F
3-2: Strikes out swinging
Batting: RHB Lynn Medlen 0-0: DOUBLE (Line Drive, 7LS, EV 103.1 MPH)
Batting: RHB Victor Jensen 0-0: Called Strike
0-1: Swinging Strike
0-2: Ball
1-2: Ball
2-2: Strikes out swinging
Batting: RHB Elwiin de Meij 0-0: Ball
1-0: SINGLE (Groundball, 34D, EV 95.6 MPH)
Lynn Medlen to third
Runner from 3rd tries for Home, SAFE, throw by RF to home
Batting: RHB Woody Maxwell 0-0: Ball
1-0: Foul Ball, location: 2F
1-1: Foul Ball, location: 2F
1-2: Foul Ball, location: 2F
1-2: Strikes out swinging
Bottom of the 6th over - 1 run, 2 hits, 0 errors, 1 left on base; Pontiac 2 - Laredo 7
TOP OF THE 7TH
Pontiac Godfathers batting - Pitching for Laredo Hawks : RHP Eric Hurt
Batting: RHB Bonifacio Marmolejo 0-0: Called Strike
0-1: Ball
1-1: Foul Ball, location: 2F
1-2: Strikes out swinging
Batting: RHB Santiago Tirado 0-0: Ball
1-0: Ball
2-0: Ball
3-0: Called Strike
3-1: Swinging Strike
3-2: Strikes out looking
Batting: RHB Gary Bly 0-0: Called Strike
0-1: Foul Ball, location: 2F
0-2: Ball
1-2: Ball
2-2: Foul Ball, location: 2F
2-2: Strikes out looking
Top of the 7th over - 0 runs, 0 hits, 0 errors, 0 left on base; Pontiac 2 - Laredo 7
BOTTOM OF THE 7TH
Laredo Hawks batting - Pitching for Pontiac Godfathers : LHP Pat Peterson
Batting: RHB Neung-uk Yi 0-0: Foul Ball, location: 2F
0-1: Ball
1-1: Ball
2-1: DOUBLE (Groundball, 5L, EV 103.1 MPH)
Pitching: LHP Gustavo Álvarez
Batting: LHB Scott Beavis 0-0: Ball
1-0: Ball
Neung-uk Yi is caught stealing 3rd base 2-5
2-0: Ball
3-0: Base on Balls
Batting: RHB Steve Turner 0-0: Foul Ball, location: 2F
0-1: Foul Ball, location: 2F
0-2: Ball
1-2: Strikes out swinging
Batting: LHB João Lourenço 0-0: Called Strike
0-1: Fly out, F7 (Line Drive, 7, EV 90.6 MPH)
Bottom of the 7th over - 0 runs, 1 hit, 0 errors, 1 left on base; Pontiac 2 - Laredo 7
TOP OF THE 8TH
Pontiac Godfathers batting - Pitching for Laredo Hawks : RHP Eric Hurt
Batting: RHB José Rivera 0-0: Fly out, F7 (Flyball, 78M, EV 78.1 MPH)
Batting: LHB Brad Dyer 0-0: Called Strike
0-1: Ground out U3 (Groundball, 3, EV 89.4 MPH)
Pitching: RHP Norm Wells
Batting: RHB Nathan Bram 0-0: Foul Ball, location: 2F
0-1: Called Strike
0-2: Ball
1-2: Foul Ball, location: 2F
1-2: Strikes out looking
Top of the 8th over - 0 runs, 0 hits, 0 errors, 0 left on base; Pontiac 2 - Laredo 7
BOTTOM OF THE 8TH
Laredo Hawks batting - Pitching for Pontiac Godfathers : LHP Gustavo Álvarez
Batting: LHB George McLean 0-0: Ball
1-0: Ground out 5-3 (Groundball, 56, EV 105.0 MPH)
Batting: RHB Lynn Medlen 0-0: Foul Ball, location: 2F
0-1: Foul Ball, location: 2F
0-2: Foul Ball, location: 2F
0-2: Ball
1-2: Strikes out swinging
Batting: RHB Victor Jensen 0-0: Ball
1-0: SINGLE (Groundball, 56D, EV 96.2 MPH)
Batting: RHB Elwiin de Meij 0-0: Ball
1-0: Ball
2-0: Ball
3-0: Called Strike
3-1: Called Strike
3-2: Foul Ball, location: 2F
3-2: Foul Ball, location: 2F
3-2: Ground out 4-3 (Groundball, 34, EV 80.0 MPH)
Bottom of the 8th over - 0 runs, 1 hit, 0 errors, 1 left on base; Pontiac 2 - Laredo 7
TOP OF THE 9TH
Pontiac Godfathers batting - Pitching for Laredo Hawks : RHP Norm Wells
Batting: RHB John Williams 0-0: Called Strike
0-1: Ground out 5-3 (Groundball, 56, EV 90.6 MPH)
Batting: SHB Mike Sherman 0-0: Called Strike
0-1: Ball
1-1: Ball
2-1: Fly out, F9 (Flyball, 9S, EV 83.8 MPH)
Batting: RHB Rich Pope 0-0: Ball
1-0: Ball
2-0: Fly out, F8 (Flyball, 8LS, EV 86.2 MPH)
Top of the 9th over - 0 runs, 0 hits, 0 errors, 0 left on base; Pontiac 2 - Laredo 7
Friday, March 26th, 2021 - OOTP Baseball 20.8 Build 74